 Dungeon Crawl Stone Soup version 0.20.2-3-g29329e0561 (webtiles) character file.

62 Alfie the Shooter (level 3, 0/30 HPs)
             Began as a Minotaur Hunter on June 2, 2020.
             Slain by a gnoll
             ... wielding a +0 spear
              (4 damage)
             ... on level 2 of the Dungeon.
             The game lasted 00:04:19 (941 turns).

Alfie the Shooter (Minotaur Hunter)                  Turns: 941, Time: 00:04:20

Health: 0/30       AC: 10    Str: 17    XL:     3   Next: 85%
Magic:  2/2        EV:  5    Int:  8    God:
Gold:   66         SH:  0    Dex: 10    Spells: 2/2 levels left

rFire    . . .     SeeInvis .   b - +0 short sword
rCold    . . .     Gourm    .   (no shield)
rNeg     . . .     Faith    .   j - +0 plate armour {rPois}
rPois    +         Spirit   .   (helmet restricted)
rElec    .         Reflect  .   (no cloak)
rCorr    .         Harm     .   (no gloves)
MR       .....                  (no boots)
Stlth    ..........             (no amulet)
Regen    0.1/turn               (no ring)
MPRegen  0.1/turn               (no ring)

@: no status effects
A: retaliatory headbutt, horns 2
a: no special abilities


You were on level 2 of the Dungeon.
You were not hungry.

You visited 1 branch of the dungeon, and saw 2 of its levels.

You collected 66 gold pieces.

Inventory:

Hand Weapons
 a - a +1 shortbow
 b - a +0 short sword (weapon)
 l - a +3 short sword
Missiles
 d - 30 arrows
Armour
 j - a +0 plate armour of poison resistance (worn)
Jewellery
 c - a +4 ring of protection {unknown}
Scrolls
 e - 2 scrolls of identify
Potions
 h - 2 potions of mutation {unknown}
 k - a potion of haste {unknown}
 m - a potion of degeneration {unknown}
Comestibles
 f - a bread ration
 g - a meat ration


   Skills:
 + Level 2.8 Fighting
 + Level 0.4 Short Blades
 + Level 5.4 Bows
 + Level 1.6 Armour
 + Level 2.3 Dodging
 + Level 0.8 Stealth


You had 2 spell levels left.
You didn't know any spells.

Dungeon Overview and Level Annotations

Branches:
Dungeon (2/15)

Altars:


Innate Abilities, Weirdness & Mutations

You reflexively headbutt those who attack you in melee.
You have a pair of horns on your head.


Message History

You become entangled in the net!
You see here a throwing net.
You tear a large gash into the net.
The gnoll hits you but does no damage. x2
You cannot shoot with your shortbow while held in a net.
You cannot shoot with your shortbow while held in a net.
Wield which item (- for none, * to show all)? (? for menu, Esc to quit)
b - a +0 short sword (weapon)
The gnoll hits you from afar with a spear.
The adder bites you but does no damage.
You struggle against the net.
The gnoll hits you but does no damage. The adder bites you but does no damage.
The gnoll hits you but does no damage.
You struggle against the net.
The adder bites you but does no damage.
The gnoll hits you from afar with a spear.
* * * LOW HITPOINT WARNING * * *
The gnoll hits you from afar with a spear.
* * * LOW HITPOINT WARNING * * *
You shred the net and break free! The adder bites you but does no damage.
The gnoll hits you but does no damage. x2
The gnoll hits you from afar with a spear.
You die...

##...# #.. .##### ####
##.## #. #.#.
#[#########..###### ##♣♣
#........##.......# #...
#........#......#.####.♣♣
.##........#..###.#......♣♣
........gg@....#...........
#.....gS.#..<#..#........
#........#......#†####.#.
#((()....#........# #.#.
.((.########........####.#.
.♣. ##.............#.
#.......#.###..#.
#.......#........
#.#####.#..##.##.


You could see 3 gnolls and an adder.

Vanquished Creatures
  A gnoll (D:2)
  An adder (D:2)
  2 dart slugs
  A leopard gecko (D:2)
  7 hobgoblins
  3 jackals (D:1)
  2 ball pythons
  5 bats (D:1)
  4 frilled lizards
  4 goblins (D:1)
  4 kobolds
  3 rats (D:1)
37 creatures vanquished.

Notes
Turn   | Place    | Note
-------+----------+-------------------------------------------
     0 | D:1      | Alfie the Minotaur Hunter began the quest for the Orb.
     0 | D:1      | Reached XP level 1. HP: 18/18 MP: 0/0
   175 | D:1      | Reached XP level 2. HP: 24/25 MP: 1/1
   432 | D:1      | Reached skill level 5 in Bows
   644 | D:2      | Reached XP level 3. HP: 25/30 MP: 2/2
   837 | D:2      | Reached skill level 1 in Armour
   941 | D:2      | Slain by a gnoll

Skill      XL: |  1  2  3 |
---------------+----------+-----
Bows           | 5 |  5.4
Armour         | 1 |  1.6
Fighting       | |  2.8
Short Blades   | |  0.4
Dodging        | |  2.3
Stealth        | |  0.8

Action                   || total
-------------------------++-------
Melee: Short sword       ||    32
       Headbutt          ||     5
 Fire: Shortbow          ||    81
  Use: Scroll            ||     4
 Stab: Sleeping          ||     1
Armor: Leather armour    ||     3
       Plate armour      ||    60
Dodge: Dodged            ||    24
